 Dungeon Crawl Stone Soup version 0.19.5 (webtiles) character file.

12694 Peloso the Blocker (level 11, -16/95 HPs)
             Began as a Minotaur Fighter on Mar 12, 2017.
             Was a High Priest of Okawaru.
             Killed from afar by an ice statue (26 damage)
             ... with a freezing blast
             ... in an ice cave.
             The game lasted 00:31:18 (12740 turns).

Peloso the Blocker (Minotaur Fighter)              Turns: 12740, Time: 00:31:19

Health: -16/95     AC: 29    Str: 21    XL:     11   Next: 65%
Magic:  11/11      EV:  8    Int:  5    God:    Okawaru [*****.]
Gold:   626        SH: 14    Dex: 13    Spells: 0 memorised, 10 levels left

rFire  + . .     SeeInvis .     q - -3 falchion (curse)
rCold  . . .     Gourm    .     F - +15 Maxwell's patent armour {-Cast -Tele rElec MR+ rCorr}
rNeg   . . .     Faith    +     c - +1 shield
rPois  .         Spirit   .     (helmet restricted)
rElec  +         Reflect  .     (no cloak)
rCorr  +         Harm     .     (no gloves)
MR     +....     NoTele   +     (no boots)
Stlth  .......... NoCast   +    h - amulet of faith
                                (no ring)
                                i - ring of protection from fire

@: no status effects
A: retaliatory headbutt, horns 2
a: Heroism, Finesse, Renounce Religion


You were in an ice cave.
You worshipped Okawaru.
Okawaru was extremely pleased with you.
You were hungry.

You visited 2 branches of the dungeon, and saw 11 of its levels.
You also visited: Sewer and Ice Cave.

You collected 626 gold pieces.

Inventory:

Hand Weapons
 a - a +1 long sword
 d - a +0 short sword of distortion
 q - a cursed -3 falchion (weapon)
 s - the +9 spear of Abomination {holy, Str+3 Int+4 Stlth-, unknown}
   (You found it on level 6 of the Dungeon)

   It has been blessed by the Shining One to cause great damage to the undead
   and demons.
   It affects your strength (+3).
   It affects your intelligence (+4).
   It makes you less stealthy.
 A - a cursed -2 dagger
 D - a +0 mace of crushing
 E - a +1 mace of protection
Missiles
 b - 4 poisoned tomahawks (quivered)
Armour
 c - a +1 shield (worn)
 x - a +0 cloak
 F - the +15 Maxwell's patent armour (worn) {-Cast -Tele rElec MR+ rCorr}
   (You found it on level 7 of the Dungeon)

   It insulates you from electricity.
   It affects your resistance to hostile enchantments.
   It prevents spellcasting.
   It prevents most forms of teleportation.
   It protects you from acid and corrosion.
 J - the +0 cloak of Entitlement {rC- Str+6 Int+5}
   (Okawaru gifted it to you on level 9 of the Dungeon)

   It affects your strength (+6).
   It affects your intelligence (+5).
   It makes you vulnerable to cold.
Jewellery
 h - an amulet of faith (around neck)
 i - a ring of protection from fire (left hand)
 M - an uncursed amulet of magic regeneration {unknown}
Wands
 y - a wand of teleportation (9/9)
 C - a wand of flame (34/48)
 K - a wand of lightning (4/15)
 Q - a wand of lightning (6/15)
Scrolls
 e - 3 scrolls of amnesia
 l - 4 scrolls of identify
 m - 4 scrolls of enchant weapon
 n - 3 scrolls of fog
 o - 3 scrolls of teleportation
 B - 2 scrolls of blinking
 H - a scroll of enchant armour
 L - a scroll of recharging
Potions
 g - 5 potions of heal wounds
 j - 3 potions of curing
 p - 5 potions of flight
 u - a potion of might
 v - 2 potions of cure mutation
 w - 5 potions of haste
 z - a potion of agility
 G - a potion of brilliance
 I - a potion of cancellation
 S - a potion of mutation {unknown}
Books
 k - a book of Conjurations

   Spells                             Type                      Level
   a - Magic Dart                     Conjuration                  1
   b - Searing Ray                    Conjuration                  2
   c - Dazzling Spray                 Conjuration/Hexes            3
   d - Fulminant Prism                Conjuration/Hexes            4
   e - Iskenderun's Mystic Blast      Conjuration                  4
   f - Iskenderun's Battlesphere      Conjuration/Charms           5
 r - a book of Transfigurations

   Spells                             Type                      Level
   a - Irradiate                      Conjuration/Transmutation    5
   b - Statue Form                    Transmutation/Earth          6
   c - Hydra Form                     Transmutation                6
   d - Dragon Form                    Transmutation                7
 O - a book of Battle

   Spells                             Type                      Level
   a - Infusion                       Charms                       1
   b - Shroud of Golubria             Charms/Translocation         2
   c - Song of Slaying                Charms                       2
   d - Spectral Weapon                Hexes/Charms                 3
   e - Regeneration                   Charms/Necromancy            3
 P - a book of Geomancy

   Spells                             Type                      Level
   a - Sandblast                      Earth                        1
   b - Passwall                       Transmutation/Earth          2
   c - Stone Arrow                    Conjuration/Earth            3
   d - Petrify                        Transmutation/Earth          4
   e - Lee's Rapid Deconstruction     Earth                        5
Comestibles
 f - 8 bread rations
 t - 4 meat rations
 N - 13 royal jellies


   Skills:
 + Level 8.8 Fighting
 + Level 12.4 Long Blades
 + Level 9.7 Armour
 + Level 3.2 Dodging
 + Level 1.5 Stealth
 + Level 13.4 Shields
 + Level 1.5 Invocations


You had 10 spell levels left.
You didn't know any spells.

Dungeon Overview and Level Annotations

Branches:
Dungeon (9/15)             Temple (0/1) D:6            Lair (2/6) D:8
    Orc (0/2) D:9
  Swamp: Lair:2-4    Shoals: Lair:2-4     Snake: Lair:2-4    Spider: Lair:2-4

Altars:
Ashenzari
Cheibriados
Elyvilon
Fedhas
Hepliaklqana
Kikubaaqudgha
Nemelex Xobeh
Okawaru
Qazlal
Uskayaw
Zin
The Shining One

Annotations:
IceCv exclusion: ice statue


Innate Abilities, Weirdness & Mutations

You reflexively headbutt those who attack you in melee.
You have a pair of horns on your head.


Message History

You are engulfed in freezing vapours.
* * * LOW HITPOINT WARNING * * *
You block the ice beast's attack. The ice beast barely misses you.
You furiously retaliate!
You headbutt the ice beast! You block the ice beast's attack.
You hit the ice statue but do no damage.
The ice statue is heavily damaged.
You are engulfed in freezing vapours.
* * * LOW HITPOINT WARNING * * *
The ice beast barely misses you.
You riposte.
You closely miss the ice beast.
The ice beast is lightly wounded.
The ice beast closely misses you. You furiously retaliate!
You headbutt the ice beast.
You riposte.
You closely miss the ice beast.
The ice beast is heavily wounded.
You feel much better.
You are engulfed in freezing vapours.
* * * LOW HITPOINT WARNING * * *
You block the ice beast's attack. The ice statue gestures at you.
The freezing blast hits you!
You die...

#...## ##...##
##...# ##..#
##..## #..##
####..####
###.#.§§§#8#
#.....§§Y@.#
#........§§YY#
..........§.§...#
....#..........##
.#.###..........#
## ##........##
#####...## #####


You could see an ice statue and 3 ice beasts.

Vanquished Creatures
  The ghost of brujo666 the Grappler, a novice TrMo of Okawaru (D:7)
  The ghost of laoha123 the Basher, a novice MiBe of Trog (Lair:1)
  An elephant (D:8)
  An ice statue (IceCv)
  2 spiny frogs
  2 komodo dragons
  2 ice devils (Lair:2)
  A queen bee (D:9)
  Grinder (D:3)
  Prince Ribbit (D:9)
  4 hippogriffs
  Sigmund (D:5)
  15 yaks
  A water moccasin (Lair:1)
  2 phantoms
  A black bear (D:7)
  3 ice beasts
  A necrophage (D:8)
  5 ogres
  4 crocodiles
  3 centaurs
  2 big kobolds
  9 bullfrogs
  A water moccasin zombie (D:9)
  3 scorpions
  35 killer bees (D:9)
  A howler monkey (D:5)
  3 crimson imps
  2 bullfrog zombies
  A centaur zombie (D:8)
  3 hounds
  A bullfrog skeleton (D:8)
  4 orc priests
  Crazy Yiuf (D:3)
  13 orc wizards
  4 iguanas
  Jessica (D:3)
  6 worker ants
  A killer bee zombie (D:5)
  A worker ant zombie (D:9)
  Robin (D:3)
  4 gnolls (D:7)
  13 adders
  2 river rats (Sewer)
  6 white imps (IceCv)
  4 ufetubi (IceCv)
  2 oozes
  2 adder skeletons
  An adder zombie (D:5)
  4 worms
  2 dart slugs
  5 leopard geckos
  36 orcs
  2 ball pythons
  10 bats
  8 giant cockroaches
  13 goblins
  11 hobgoblins
  8 jackals
  13 kobolds
  A quokka (D:2)
  4 frilled lizards
  2 quokka skeletons
  11 rats
  A fungus (D:8)
  A plant (D:8)
312 creatures vanquished.

Vanquished Creatures (others)
  A reaper (IceCv)
  2 white imps (IceCv)
  3 ufetubi (IceCv)
  An orc (D:9)
7 creatures vanquished.

Grand Total: 319 creatures vanquished

Notes
Turn   | Place    | Note
-------+----------+-------------------------------------------
     0 | D:1      | Peloso the Minotaur Fighter began the quest for the Orb.
     0 | D:1      | Reached XP level 1. HP: 19/19 MP: 0/0
   270 | D:1      | Reached XP level 2. HP: 27/27 MP: 1/1
   730 | D:2      | Reached skill level 4 in Shields
   731 | D:2      | Found a sparkling altar of Nemelex Xobeh.
   755 | D:2      | Found an iron altar of Okawaru.
   761 | D:2      | Reached XP level 3. HP: 27/33 MP: 2/2
   780 | D:2      | Became a worshipper of Warmaster Okawaru
  1235 | D:3      | Reached XP level 4. HP: 40/40 MP: 3/3
  1285 | D:3      | Found a glowing drain.
  1315 | D:3      | Reached skill level 1 in Dodging
  1340 | Sewer    | Entered a sewer
  1410 | Sewer    | Noticed a big kobold
  1432 | Sewer    | Killed a big kobold
  1432 | Sewer    | Reached XP level 5. HP: 38/47 MP: 4/4
  1454 | Sewer    | Found a white marble altar of Elyvilon.
  1532 | D:3      | Reached * piety under Okawaru
  1547 | D:3      | Noticed Grinder
  1571 | D:3      | Paralysed by Grinder for 7 turns
  1578 | D:3      | Killed Grinder
  1578 | D:3      | Reached skill level 5 in Fighting
  1578 | D:3      | Reached skill level 5 in Long Blades
  1578 | D:3      | Reached skill level 5 in Armour
  1578 | D:3      | Reached skill level 5 in Shields
  1578 | D:3      | Reached XP level 6. HP: 6/56 MP: 5/5
  1974 | D:3      | Found a glowing silver altar of Zin.
  2058 | D:3      | Noticed Robin
  2114 | D:3      | Killed Robin
  2363 | D:3      | Found a stormy altar of Qazlal.
  2415 | D:3      | Noticed Jessica
  2420 | D:3      | Killed Jessica
  2546 | D:3      | Found a runed door.
  2617 | D:3      | Reached XP level 7. HP: 46/61 MP: 6/6
  3201 | D:4      | Found a snail-covered altar of Cheibriados.
  3205 | D:4      | Found a hide-covered altar of Uskayaw.
  3206 | D:4      | Found a shattered altar of Ashenzari.
  3231 | D:4      | Found an ancient bone altar of Kikubaaqudgha.
  3470 | D:4      | Reached skill level 6 in Shields
  3573 | D:4      | Reached ** piety under Okawaru
  4618 | D:5      | Entered Level 5 of the Dungeon
  4642 | D:5      | Noticed Sigmund
  4915 | D:5      | Reached XP level 8. HP: 69/69 MP: 7/7
  5076 | D:5      | Killed Sigmund
  5076 | D:5      | Reached skill level 1 in Stealth
  5501 | D:5      | Reached skill level 7 in Shields
  5532 | D:5      | Reached skill level 1 in Invocations
  6061 | D:6      | Got an ichor-stained spear
  6116 | D:6      | Found a hazy altar of Hepliaklqana.
  6332 | D:6      | Found a staircase to the Ecumenical Temple.
  6336 | D:6      | Found a white marble altar of Elyvilon.
  6816 | D:6      | Reached skill level 8 in Shields
  7301 | D:4      | Reached XP level 9. HP: 75/75 MP: 8/8
  7344 | D:3      | Noticed Crazy Yiuf
  7351 | D:3      | Killed Crazy Yiuf
  7838 | D:7      | Found a glowing golden altar of the Shining One.
  7917 | D:7      | Noticed brujo666's ghost (novice TrMo)
  7961 | D:7      | Killed brujo666's ghost
  7961 | D:7      | Reached *** piety under Okawaru
  7961 | D:7      | Reached skill level 9 in Shields
  8727 | D:8      | Found a blossoming altar of Fedhas.
  8840 | D:8      | Reached **** piety under Okawaru
  8871 | D:8      | Reached XP level 10. HP: 82/86 MP: 9/9
  8905 | D:8      | Reached skill level 10 in Long Blades
  8942 | D:8      | Found a staircase to the Lair.
  8943 | D:8      | Noticed an elephant
  8966 | D:8      | Killed an elephant
  8966 | D:8      | Reached skill level 10 in Shields
  9343 | D:9      | Found a staircase to the Orcish Mines.
  9562 | D:9      | Reached ***** piety under Okawaru
  9569 | D:9      | Received a gift from Okawaru
  9569 | D:9      | Reached skill level 11 in Shields
  9966 | D:9      | Received a gift from Okawaru
  9976 | D:9      | Got a slimy cloak {god gift}
  9987 | D:9      | Identified the +0 cloak of Entitlement {rC- Str+6 Int+5} (Okawaru gifted it to you on level 9 of the Dungeon)
 10043 | D:9      | Reached skill level 12 in Shields
 10312 | D:9      | Reached XP level 11. HP: 54/94 MP: 10/10
 10468 | D:9      | Noticed Prince Ribbit
 10478 | D:9      | Killed Prince Ribbit
 11023 | Lair:1   | Entered Level 1 of the Lair of Beasts
 11334 | Lair:1   | Noticed laoha123's ghost (novice MiBe)
 11395 | Lair:1   | Killed laoha123's ghost
 11984 | Lair:1   | Received a gift from Okawaru
 11984 | Lair:1   | Reached skill level 13 in Shields
 12232 | Lair:1   | Noticed a six-headed hydra
 12315 | Lair:2   | Found a frozen archway.
 12435 | IceCv    | Entered an ice cave
 12517 | IceCv    | Killed a reaper
 12739 | IceCv    | HP: 2/95 [something (11)]
 12740 | IceCv    | Killed from afar by an ice statue

Skill      XL: |  1  2  3  4  5  6  7  8  9 10 11 |
---------------+----------------------------------+-----
Armour         | 4 5 7 8 9 |  9.7
Fighting       | 4 5 6 7 8 |  8.8
Shields        | 4 5 6 8 9 12 13 | 13.4
Long Blades    | 3 4 5 6 8 9 11 12 | 12.4
Dodging        | 1 2 3 |  3.2
Stealth        | 1 |  1.5
Invocations    | 1 |  1.5

Action                   |  1- 3 |  4- 6 |  7- 9 | 10-12 || total
-------------------------+-------+-------+-------+-------++-------
Melee: Long sword        |    73 |    68 |       |       ||   141
       Headbutt          |    11 |    21 |   184 |   266 ||   482
       Falchion          |       |   129 |   753 |   931 ||  1813
Invok: Heroism           |       |       |     7 |     7 ||    14
  Use: Scroll            |    10 |     1 |    10 |     2 ||    23
       Potion            |       |     1 |     2 |     1 ||     4
  Eat: Chunk             |       |     6 |    18 |     9 ||    33
       Pizza             |       |       |     1 |       ||     1
       Beef jerky        |       |       |       |     1 ||     1
       Royal jelly       |       |       |       |     2 ||     2
Armor: Scale mail        |    42 |    64 |    88 |       ||   194
       Chain mail        |       |       |    45 |       ||    45
       Plate armour      |       |       |   103 |   379 ||   482
Dodge: Dodged            |    29 |    51 |   132 |   191 ||   403
Block: Shield            |    44 |   119 |   396 |   569 ||  1128
       Rpst.: Long sword |    11 |     7 |       |       ||    18
       Falchion          |       |    10 |    32 |    56 ||    98
